Unix NetHack Version 5.0.0-0 post-release - last build May 23 2026 06:08:33 (1c0ff79ee797540d5714e4e18072db0edd9e58ae,branch:main).

Game began 2026-05-27 11:51:38, ended 2026-05-27 12:31:04.

Drastanta, lawful male human Samurai

                             -----------
                             |.........|
                             |...*.....|
                             |..).<....|
                             |.........|---
                             |..**.*...|...
                             -----------.--
                                     |@M.|
                                     ---.-
                                       |..
                                       ---

Drastanta the Ninja    St:15 Dx:18 Co:18 In:10 Wi:10 Ch:7  Lawful
Dlvl:10 $:61 HP:0(64) Pw:16(16) AC:2  Xp:7 T:2471 

Latest messages:
 As you read the scroll, it disappears.
 Your katana glows blue for a moment.
 What do you want to read? [hqBCG or ?*] ?
 As you read the scroll, it disappears.
 A tiger suddenly appears next to you!
 What do you want to throw? [$bcd or ?*] *
 In what direction? 2
 The tripe ration misses the tiger.
 The tiger misses!
 The tiger hits!
 The tiger bites!
 What do you want to zap? [gHJ or ?*] ?
 In what direction? >
 You dig a hole through the floor.
 You fall through...
 You already found a monster.  Use 'm' prefix to force another search.
 You miss the ettin mummy.
 The ettin mummy just misses!
 The ettin mummy hits!
 You miss the ettin mummy.
 The ettin mummy hits!
 The ettin mummy hits again!
 Are you sure you want to pray? [yn] (n) y
 You begin praying to Amaterasu Omikami.
 You are surrounded by a shimmering light.
 The ettin mummy starts to attack you, but pulls back.
 The ettin mummy starts to attack you, but pulls back.
 The ettin mummy starts to attack you, but pulls back.
 You finish your prayer.
 You feel that Amaterasu Omikami is well-pleased.
 You feel much better.
 What do you want to drop? [$a-kmnqsuA-CG-LN-Q or ?*] ?
 You drop a +0 wakizashi.
 Your movements are now unencumbered.
 The ettin mummy hits!
 The ettin mummy hits again!
 You hit the ettin mummy.
 The ettin mummy hits!
 The ettin mummy misses!
 You hit the ettin mummy.
 The ettin mummy hits!
 The ettin mummy hits again!
 You hit the ettin mummy!
 The ettin mummy hits!
 The ettin mummy hits again!
 What do you want to zap? [gHJ or ?*] J
 Nothing happens.
 The ettin mummy hits!
 You die...
 Do you want your possessions identified? [ynq] (y) q

Inventory:
 Coins    ('$')
  $ - 61 gold pieces
 Weapons  (')')
  d - 35 +0 ya (in quiver)
  c - a +0 yumi (alternate weapon; not wielded)
  a - a rusty +1 katana (weapon in right hand)
 Armor    ('[')
  L - an uncursed +0 orcish helm (being worn)
  I - an uncursed +0 pair of elven boots (being worn)
  N - an uncursed +0 cloak of protection
  u - an uncursed +0 dwarvish cloak (being worn)
  e - an uncursed rustproof +0 splint mail (being worn)
 Comestibles  ('%')
  Q - an uncursed slime mold
  s - an uncursed fortune cookie
  j - 3 uncursed gunyoki
  K - an uncursed lembas wafer
 Scrolls  ('?')
  C - an uncursed scroll of amnesia
  h - 2 uncursed scrolls of create monster
  G - 3 uncursed scrolls of light
  B - an uncursed scroll of teleportation
 Spellbooks  ('+')
  q - a blessed spellbook of wizard lock
 Potions  ('!')
  O - an uncursed potion of gain ability
  m - a blessed potion of gain energy
  A - an uncursed potion of gain energy
  f - an uncursed potion of invisibility
  n - an uncursed potion of see invisible
 Rings    ('=')
  P - an uncursed ring of polymorph control
  i - an uncursed +2 ring of protection
 Wands    ('/')
  H - a wand of digging (0:5)
  J - a wand of magic missile (0:0)
  g - a wand of speed monster (0:7)
 Tools    ('(')
  k - an uncursed credit card

Drastanta the Samurai's attributes:

Background:
 You were a Ninja, a level 7 male human Samurai.
 You were lawful, on a mission for Amaterasu Omikami
 who was opposed by Raijin (neutral) and Susanowo (chaotic).
 You were right-handed.
 You were in the Gnomish Mines, on level 10.
 You entered the dungeon 2471 turns ago.
 You had 756 experience points, 524 more were needed to attain level 8.

Basics:
 You had 0 out of 64 hit points.
 You had all 16 energy points (spell power).
 Your armor class was 2.
 Your wallet contained 61 zorkmids.
 Autopickup was off.

Final Characteristics:
 Your strength was 15 (limit:18/100).
 Your dexterity was 18 (limit:18).
 Your constitution was 18 (limit:18).
 Your intelligence was 10 (limit:18).
 Your wisdom was 10 (limit:18).
 Your charisma was 7 (limit:18).

Final Status:
 You weren't hungry.
 You were unencumbered.
 You were wielding a long sword.
 You had basic skill with long sword and could have enhanced that.

Final Attributes:
 You were piously aligned.
 Your items were somewhat protected from fire.
 Your items were somewhat protected from cold.
 You were telepathic.
 You were stealthy.
 You were warded.
 You were fast.
 You are dead.

Miscellaneous:
 You didn't encounter any bones levels.
 Total elapsed playing time was 39 minutes and 26 seconds.

Major events:
 Turn
    1: Drastanta the lawful male human Samurai entered the dungeon
  394: attained the rank of Ronin (level 3)
  450: entered the Gnomish Mines
 1352: reached Mine Town
 1356: attained the rank of Ninja (level 6)
 2471: killed by an ettin mummy

You didn't know any spells.

Skills:
 Fighting Skills
   martial arts      [Basic]
   two weapon combat [Unskilled]
   riding            [Unskilled]
 Weapon Skills
   dagger            [Unskilled]
   knife             [Unskilled]
   short sword       [Basic]
   broadsword        [Unskilled]
   long sword        [Basic]
   two-handed sword  [Unskilled]
   saber             [Unskilled]
   flail             [Unskilled]
   quarterstaff      [Unskilled]
   polearms          [Unskilled]
   spear             [Unskilled]
   lance             [Unskilled]
   bow               [Basic]
   shuriken          [Unskilled]
 Spellcasting Skills
   attack spells     [Unskilled]
   divination spells [Unskilled]
   clerical spells   [Unskilled]

Voluntary challenges:
 Character rerolling was not enabled.
 You never genocided any monsters.
 You never polymorphed an object.
 You never changed form.
 You used no wishes.
Achievements:
 You entered a shop.
 You attained the rank of Ronin.
 You entered the Gnomish Mines.
 You entered Minetown.
 You attained the rank of Ninja.
 You entered a temple.

 The Dungeons of Doom: levels 1 to 3
    Level 1:
       A fountain, a sink, a grave.
    Level 2:
       A general store, a fountain.
       Stairs down to The Gnomish Mines.
    Level 3:
 The Gnomish Mines: levels 3 to 10
    Level 3:
    Level 4:
    Level 5:
    Level 6:
       Some shops, a temple and an altar, some fountains.
    Level 7:
    Level 8:
    Level 9:
    Level 10: <- You were here.
       Final resting place for
          you, killed by an ettin mummy.


Vanquished creatures:
  a small mimic
  a panther
  2 giant spiders
 an imp
  2 Mordor orcs
  7 gnome leaders
  3 gnomish wizards
  2 floating eyes
  5 dwarves
  2 iguanas
 an acid blob
  a hobbit
  a large kobold
  a yellow mold
 44 gnomes
  5 garter snakes
  a gecko
  2 jackals
  3 kobolds
  4 sewer rats
  2 lichens
  3 newts
94 creatures vanquished.

No species were genocided or became extinct.

Game over:
                       ----------
                      /          \
                     /    REST    \
                    /      IN      \
                   /     PEACE      \
                  /                  \
                  |    Drastanta     |
                  |      61 Au       |
                  |   killed by an   |
                  |   ettin mummy    |
                  |                  |
                  |                  |
                  |       2026       |
                 *|     *  *  *      | *
        _________)/\\_//(\/(/\)/\//\/|_)_______

Sayonara Drastanta the Samurai...

You died in The Gnomish Mines on dungeon level 10 with 3577 points,
and 61 pieces of gold, after 2471 moves.
You were level 7 with a maximum of 64 hit points when you died.

